 Seeded DCSS version 0.29-a0-364-g921d912d32 (webtiles) character file.

Game seed: 999999999999999999 (custom seed)

44 lucidbluej the Slasher (level 3, 26/34 HPs)
             Began as a Minotaur Berserker on Apr 30, 2022.
             Was a Follower of Trog.
             Quit the game on level 2 of the Dungeon.
             The game lasted 00:04:55 (1015 turns).

lucidbluej the Slasher (Minotaur Berserker)         Turns: 1015, Time: 00:04:56

Health: 26/34      AC:  4    Str: 23    XL:     3   Next: 41%
Magic:  2/2        EV: 14    Int:  4    God:    Trog [*.....]
Gold:   70         SH:  6    Dex:  9    Spells: 2/2 levels left

rFire   . . .      SeeInvis .   a - +0 falchion
rCold   . . .      Faith    .   d - +0 kite shield
rNeg    . . .      Spirit   .   b - +0 animal skin
rPois   .          Reflect  .   (helmet restricted)
rElec   .          Harm     .   s - scarf {repulsion}
rCorr   .          Rampage  .   k - +0 pair of gloves
Will    +....                   o - +0 pair of boots
Stlth   +.........              (no amulet)
HPRegen 0.11/turn               f - +4 ring of evasion
MPRegen 0.08/turn               i - ring of willpower

@: repel missiles
A: horns 2, retaliatory headbutt
a: Renounce Religion, Berserk


You were on level 2 of the Dungeon.
You worshipped Trog.
Trog was aware of your devotion.
You visited 1 branch of the dungeon, and saw 2 of its levels.

You collected 70 gold pieces.

Inventory:

Hand Weapons
 a - a +0 falchion (weapon)
 e - a +0 quarterstaff
 j - a +0 dagger
 l - a +0 dagger
 n - a +0 hunting sling
 q - a +0 short sword
 t - a +0 halberd
 u - a +0 club
 v - a +0 dagger
 w - a +0 short sword
Missiles
 g - 38 stones (quivered)
Armour
 b - a +0 animal skin (worn)
 d - a +0 kite shield (worn)
 k - a +0 pair of gloves (worn)
 o - a +0 pair of boots (worn)
 s - a scarf of repulsion (worn)
Jewellery
 f - a +4 ring of evasion (left hand)
 i - a ring of willpower (right hand)
Scrolls
 h - a scroll of noise {unknown}
 m - 2 scrolls of identify {unknown}
 p - a scroll of teleportation {unknown}
Potions
 c - a potion of berserk rage {unknown}
 r - a potion of curing {unknown}


   Skills:
 + Level 4.4 Fighting
 + Level 4.4 Long Blades
 + Level 2.6 Armour
 + Level 2.5 Dodging


You had 2 spell levels left.
You didn't know any spells.
Your spell library was empty.

Dungeon Overview and Level Annotations

Branches:
Dungeon (2/15)

Altars:

Shops:
D:1 (


Innate Abilities, Weirdness & Mutations

You have a pair of horns on your head.
You reflexively headbutt those who attack you in melee.


Message History

The gnoll is moderately wounded.
The gnoll misses you.
You hit the gnoll.
The gnoll is severely wounded.
The rat barely misses you. You block the gnoll's attack.
You hit the gnoll.
The gnoll is severely wounded.
The rat closely misses you. You furiously retaliate!
You headbutt the rat.
You kill the rat!
Trog accepts your kill. The gnoll hits you but does no damage.
You block the gnoll's attack.
You slash the gnoll!
You kill the gnoll!
Trog accepts your kill.
Things that are here:
a +0 club; a giant cockroach corpse
u - a +0 club The kobold shouts!
You see here a rat corpse.
You see here a +0 dagger.
v - a +0 dagger The kobold hits you with a +0 short sword.
You closely miss the kobold.
The kobold hits you with a +0 short sword.
You hit the kobold but do no damage. The kobold completely misses you.
You hit the kobold.
The kobold is moderately wounded.
The kobold hits you but does no damage. The kobold closely misses you.
You furiously retaliate!
You headbutt the kobold, but do no damage.
You miss the kobold. The kobold closely misses you.
You closely miss the kobold. The kobold hits you but does no damage.
You hit the kobold but do no damage. The kobold closely misses you.
You furiously retaliate!
You headbutt the kobold.
You kill the kobold!
Trog accepts your kill.
You see here a +0 short sword.
w - a +0 short sword
Found 4 gold pieces.
Are you sure you want to abandon this character and quit the game? (Confirm with "yes".)

##+# ....###########
g.
$.............###....#
.....(....@...........
..............###....
..............)....#
##.###..†.†...)....#
...................###
##.###................
#########......#
#........ ........#


There were no monsters in sight!

Vanquished Creatures
  3 gnolls (D:2)
  3 bats (D:1)
  3 giant cockroaches
  2 goblins
  A hobgoblin (D:1)
  A frilled lizard (D:1)
  2 kobolds
  2 rats
17 creatures vanquished.

Notes
Turn   | Place    | Note
-------+----------+-------------------------------------------
     0 | D:1      | lucidbluej the Minotaur Berserker began the quest for the
                  | Orb.
     0 | D:1      | Reached XP level 1. HP: 19/19 MP: 0/0
    33 | D:1      | Upgraded the game from 0.29-a0-362-g5854e031c7 to
                  | 0.29-a0-364-g921d912d32
   495 | D:1      | Found Renidy's Antique Weapon Emporium.
   549 | D:1      | Reached XP level 2. HP: 21/27 MP: 1/1
   883 | D:2      | Reached XP level 3. HP: 23/34 MP: 2/2
  1015 | D:2      | Quit the game

Illustrated notes

Levels and vault maps discovered:
D:1:      lemuel_arrival_broad_hall, layout_loops_ring, serial_shops,
          nicolae_square_shop
D:2:      layout_basic, shapermc_ecumenical_altar_pompeii, uniq_robin

Skill      XL: |  1  2 |
---------------+-------+-----
Fighting       | 4 |  4.4
Long Blades    | 4 |  4.4
Armour         | |  2.6
Dodging        | |  2.5

Action                   || total
-------------------------++-------
Melee: Falchion          ||    41
       Headbutt          ||     2
Armor: Animal skin       ||    10
Dodge: Dodged            ||    26
Block: Kite shield       ||     3

Table legend: (Time is in decaauts)
 A = Elapsed time spent in this place.
 B = Non-inter-level travel time spent in this place.
 C = Inter-level travel time spent in this place.
 D = Time resting spent in this place.
 E = Time spent auto-exploring this place.
 F = Levels seen in this place.
 G = Mean time per level.
                   A        B        C        D        E       F      G
               +--------+--------+--------+--------+--------+-----+--------+
         Total |   1022 |    885 |    137 |      0 |    549 |   2 |  511.0 |
       Dungeon |   1022 |    885 |    137 |      0 |    549 |   2 |  511.0 |
               +--------+--------+--------+--------+--------+-----+--------+

Top non-repeatable levels by time:
     D:1: 868 daAuts
     D:2: 153 daAuts
